 Dungeon Crawl Stone Soup version 0.28.0-45-g0d030f2227 (webtiles) character file.

Game seed: 8001589253038635168

767 zeratav the Caller (level 7, -3/43 HPs)
             Began as an Octopode Transmuter on Apr 10, 2022.
             Slain by a gnoll sergeant
             ... wielding a +2 vorpal trident
              (19 damage)
             ... on level 5 of the Dungeon.
             The game lasted 00:17:52 (6858 turns).

zeratav the Caller (Octopode Transmuter)            Turns: 6858, Time: 00:17:53

Health: -3/43      AC:  1    Str: 10    XL:     7   Next: 82%
Magic:  7/10       EV: 13    Int: 17    God:
Gold:   134        SH:  0    Dex: 12    Spells: 5/10 levels left

rFire   . . .      SeeInvis .   e - +1 dagger (protect) {short}
rCold   . . .      Faith    .   (no shield)
rNeg    . . .      Spirit   .   (helmet restricted)
rPois   .          Reflect  .   (no amulet)
rElec   .          Harm     .   p - ring of wizardry
rCorr   .          Rampage  .   (no ring)
Will    .....                   (no ring)
Stlth   ++........              (no ring)
HPRegen 0.14/turn               (no ring)
MPRegen 0.12/turn               (no ring)
                                (no ring)
                                (no ring)

@: no status effects
A: almost no armour, amphibious, 8 rings, camouflage 1, gelatinous body 1,
(nimble swimmer 1), tentacles
a: no special abilities


You were on level 5 of the Dungeon.
You visited 1 branch of the dungeon, and saw 5 of its levels.

You collected 134 gold pieces.


Innate Abilities, Weirdness & Mutations

You cannot wear most types of armour.
You are amphibious.
You can wear up to eight rings at the same time.
Your skin changes colour to match your surroundings (Stealth+).
Your rubbery body absorbs attacks. (AC +1, EV +1)
((You are camouflaged when in or above water. (Stealth+)))
You have tentacles for arms and can constrict up to eight enemies at once.


   Skills:
 - Level 1.0 Fighting
 - Level 2.0 Dodging
 - Level 0.3 Stealth
 - Level 3.0 Unarmed Combat
 - Level 2.0 Spellcasting
 + Level 0.3 Hexes
 * Level 6.6 Summonings
 - Level 2.0 Transmutations
 + Level 4.5 Ice Magic


You had 5 spell levels left.
You knew the following spells:

 Your Spells              Type           Power      Damage    Failure   Level
a - Beastly Appendage     Tmut           16%        N/A       3%          1
b - Summon Ice Beast      Ice/Summ       20%        N/A       8%          4

Your spell library contained the following spells:

 Spells                   Type           Power      Damage    Failure   Level
 Wereblood                Tmut           8%         N/A       5%          2
 Sublimation of Blood     Necr           1%         N/A       12%         2
 Spider Form              Tmut/Pois      5%         N/A       16%         3
 Ice Form                 Ice/Tmut       12%        N/A       21%         4
 Gell's Gravitas          Tloc           1%         N/A       22%         3
 Teleport Other           Tloc           1%         N/A       22%         3
 Petrify                  Tmut/Erth      5%         N/A       43%         4
 Summon Mana Viper        Hex/Summ       13%        N/A       43%         5
 Irradiate                Conj/Tmut      2%         3d14      77%         5
 Monstrous Menagerie      Summ           12%        N/A       98%         7
 Dispersal                Tloc           0%         N/A       100%        6

Inventory:

Hand Weapons
 e - a +1 dagger of protection (weapon) {short}
   (You took it off a goblin on level 1 of the Dungeon)
 q - a +2 dagger of electrocution {short}
   (You took it off an orc wizard on level 4 of the Dungeon)
Jewellery
 p - a ring of wizardry (left tentacle)
   (You found it on level 4 of the Dungeon)
Wands
 g - a wand of digging (9)
   (You took it off Grinder on level 3 of the Dungeon)
 k - a wand of acid (5)
   (You took it off Ijyb on level 4 of the Dungeon)
Scrolls
 f - a scroll of holy word
 h - 3 scrolls of fear {unknown}
 i - a scroll of fog {unknown}
 j - 2 scrolls of identify {@r1}
 m - a scroll of teleportation {unknown}
 n - a scroll of enchant weapon {unknown}
Potions
 a - 2 potions of attraction {unknown}
 b - a potion of heal wounds {@q2}
 c - a potion of resistance {unknown}
 d - a potion of curing {@q1}
 l - a potion of haste {unknown}
 o - a potion of flight {unknown}

Dungeon Overview and Level Annotations

Branches:
Dungeon (5/15)
 Temple: D:4-7

Altars:
Trog

Shops:
D:3

:?*?? ).# .S....# ..##
########...# #.# ...####
#..........# #.#
......#####.#.###### #.# ..
#...Y...###g#.########.###...#
###.......#[#.......g.........
####..gg..##########.#####.
#####...........>........
#......@.g...........
#.............#####.#
..................
##################


You could see a gnoll sergeant and a gnoll (wandering).


Message History

You lost 4 mp, and now have 6/10 mp.
The jelly quivers.
You swap places.
The jelly barely misses you.
You hit the jelly but do no damage.
Your weapon exudes an aura of protection.
Your tentacles burn!
The jelly hits you but does no damage.
HP[-4] MP[+1]
You take 4 damage, and now have 39/43 hp.
You hit the jelly.
Your tentacles burn!
You squeeze the jelly, but do no damage.
The jelly hits you but does no damage.
Your ice beast hits the jelly.
Your ice beast freezes the jelly.
Your ice beast is burned by acid!
HP[-3]
You take 3 damage, and now have 36/43 hp.
You barely miss the jelly. The jelly hits you. The acid corrodes you!
You are splashed with acid!
Your ice beast hits the jelly.
Your ice beast freezes the jelly!
The jelly dies!
HP[-8]
You take 8 damage, and now have 28/43 hp.
You start resting.
You are no longer corroded.
HP[+3] MP[+3]
You regained 3 hp, and now have 31/43 hp.
Your mp is fully restored (10).
You start resting.
Your ice beast disappears in a puff of smoke!
A gnoll sergeant is nearby!
HP[+3]
You regained 3 hp, and now have 34/43 hp.
A gnoll sergeant is nearby!
Casting: Summon Ice Beast (quite dangerous; 9% risk of failure)
Confirm with . or Enter, or press ? or * to list all spells.
The spell is quite dangerous to miscast (9% risk of failure)!
Continue anyway?
A chill wind blows around you.
The gnoll sergeant shouts!
MP[-4]
You lost 4 mp, and now have 6/10 mp.
HP[+1]
Your ice beast hits the gnoll sergeant but does no damage.
Your ice beast barely misses the gnoll sergeant.
MP[+1] HP[+1] HP[+1] MP[+1]
You see here the +0 ring mail of Bemm {rPois Will- Str+9 Slay-4}.
The gnoll sergeant hits you from afar with a +2 vorpal trident!
HP[-14]
You take 14 damage, and now have 23/43 hp.
MASSIVE DAMAGE!! (PAUSE)
An adder comes into view.
HP[+1] MP[+1]
Casting: Summon Ice Beast (quite dangerous; 9% risk of failure)
Confirm with . or Enter, or press ? or * to list all spells.
The spell is quite dangerous to miscast (9% risk of failure)!
Continue anyway?
A chill wind blows around you. The gnoll sergeant misses you.
MP[-4]
You lost 4 mp, and now have 5/10 mp.
You swap places.
The gnoll sergeant hits your ice beast with a +2 vorpal trident.
HP[+1]
The gnoll sergeant hits your ice beast with a +2 vorpal trident!
The gnoll sergeant blocks your ice beast's attack.
Your ice beast barely misses the gnoll sergeant.
The gnoll sergeant hits your ice beast with a +2 vorpal trident.
The gnoll sergeant blocks your ice beast's attack.
The gnoll sergeant hits your ice beast with a +2 vorpal trident!
Your ice beast dies!
Your ice beast disappears in a puff of smoke!
MP[+1]
An adder comes into view.
Found a stone staircase leading down.
The helpless adder fails to defend itself.
You hit the adder.
Your weapon exudes an aura of protection.
Your grab misses the adder. The adder bites you but does no damage.
The adder closely misses you.
You hit the adder but do no damage. Your grab misses the adder.
The adder bites you but does no damage.
You closely miss the adder. Your grab misses the adder.
The adder closely misses you.
HP[+1]
You barely miss the adder. You grab the adder. You squeeze the adder.
You constrict the adder. The adder barely misses you.
You hit the adder but do no damage. You constrict the adder.
The adder misses you. The adder closely misses you.
You hit the adder.
You kill the adder!
The gnoll sergeant hits you from afar with a +2 vorpal trident!
* * * LOW HITPOINT WARNING * * *
x2 HP[-11]
You take 11 damage, and now have 15/43 hp.
MASSIVE DAMAGE!! (PAUSE)
There is a stone staircase leading down here.
MP[+1] HP[+1]
The gnoll sergeant hits you from afar with a +2 vorpal trident!!
You die...

Skill      XL: |  1  2  3  4  5  6  7 |
---------------+----------------------+-----
Summonings     | 1 2 3 4 5 6 |  6.6
Ice Magic      | 1 2 3 4 |  4.5
Fighting       | |  1.0
Dodging        | |  2.0
Stealth        | |  0.3
Unarmed Combat | |  3.0
Spellcasting   | |  2.0
Hexes          | |  0.3
Transmutations | |  2.0

Action                   |  1- 3 |  4- 6 |  7- 9 || total
-------------------------+-------+-------+-------++-------
Melee: Unarmed           |    18 |       |       ||    18
       Kick              |    13 |    27 |     2 ||    42
       Constrict         |    20 |    22 |     7 ||    49
       Tentacles         |    12 |    26 |    12 ||    50
       Dagger            |    50 |   102 |    53 ||   205
       Punch             |     1 |     3 |     1 ||     5
 Cast: Beastly Appendage |    17 |    23 |     4 ||    44
       Summon Ice Beast  |       |       |    13 ||    13
  Use: Potion            |     1 |     1 |     3 ||     5
       Scroll            |       |     2 |       ||     2
 Stab: Sleeping          |     4 |     9 |     2 ||    15
Armor: Skin              |    15 |    25 |    15 ||    55
Dodge: Dodged            |    38 |    41 |    30 ||   109

Levels and vault maps discovered:
D:1:      wheals_arrival_linesprint, layout_basic,
          hellmonk_ecumenical_altar_inner_sanctum
D:2:      layout_loops_ring, basic_altar, kennysheep_cross_room, uniq_jessica
D:3:      layout_loops_ring, serial_shops, shop, shop, nicolae_shop_crystal,
          shop_statue, nicolae_diamond_shop, uniq_grinder
D:4:      layout_basic, uniq_ijyb
D:5:      layout_basic, mainiacjoe_overflow_catwalk_spiral, serial_curves,
          eino_curves_02, eino_curves_04, eino_curves_04, uniq_edmund

Notes
Turn   | Place    | Note
-------+----------+-------------------------------------------
     0 | D:1      | zeratav the Octopode Transmuter began the quest for the
                  | Orb.
     0 | D:1      | Reached XP level 1. HP: 13/13 MP: 3/3
     0 | D:1      | magus.rc [v1.9.6]
   103 | D:1      | You pick up a book of Beasts and begin reading...
   103 | D:1      | You add the spells Summon Ice Beast, Summon Mana Viper and
                  | Monstrous Menagerie to your library.
   279 | D:1      | Reached XP level 2. HP: 18/18 MP: 3/5
   445 | D:1      | Reached skill level 1 in Summonings
   751 | D:1      | Found a faded altar of an unknown god.
  1093 | D:2      | You pick up a book of Alchemy and begin reading...
  1093 | D:2      | You add the spells Sublimation of Blood, Petrify and
                  | Irradiate to your library.
  1124 | D:2      | HP: 4/18 [adder (2)]
  1127 | D:2      | Reached skill level 1 in Ice Magic
  1136 | D:2      | Reached XP level 3. HP: 18/23 MP: 4/6
  1245 | D:2      | Reached skill level 2 in Summonings
  1295 | D:2      | Found a bloodstained altar of Trog.
  1814 | D:2      | Noticed Jessica
  1828 | D:2      | Killed Jessica
  1829 | D:2      | Reached XP level 4. HP: 14/28 MP: 7/7
  2265 | D:3      | Found Mada's Book Shoppe.
  2518 | D:3      | Reached skill level 3 in Summonings
  2678 | D:3      | Reached skill level 2 in Ice Magic
  3110 | D:3      | Found Kyivaos's Magic Scroll Shop.
  3140 | D:3      | Found Esaa's Magic Scroll Boutique.
  3170 | D:3      | Reached XP level 5. HP: 25/33 MP: 6/8
  3271 | D:3      | Found Goudeiv's Magic Scroll Shop.
  3491 | D:3      | Found Puqok's General Store.
  3491 | D:3      | Noticed Grinder
  3509 | D:3      | Paralysed by Grinder for 5 turns
  3510 | D:3      | HP: 8/33 [Grinder (1)]
  3521 | D:3      | HP: 7/33 [Grinder (3)]
  3528 | D:3      | Killed Grinder
  3529 | D:3      | Reached skill level 4 in Summonings
  3529 | D:3      | Reached skill level 3 in Ice Magic
  3529 | D:3      | Reached XP level 6. HP: 10/38 MP: 9/9
  4007 | D:4      | Reached skill level 5 in Summonings
  4192 | D:4      | Noticed Ijyb
  4206 | D:4      | Killed Ijyb
  4391 | D:4      | Reached XP level 7. HP: 43/43 MP: 8/10
  4412 | D:4      | Learned a level 4 spell: Summon Ice Beast
  5104 | D:4      | You add the spells Gell's Gravitas, Teleport Other and
                  | Dispersal to your library.
  5601 | D:4      | Reached skill level 4 in Ice Magic
  5899 | D:5      | Entered Level 5 of the Dungeon
  5899 | D:5      | Noticed Edmund
  5909 | D:5      | Killed Edmund
  5910 | D:5      | Reached skill level 6 in Summonings
  6401 | D:5      | HP: 8/43 [gnoll sergeant/+2 vorpal trident (17)]
  6829 | D:5      | Identified the +0 ring mail of Bemm {rPois Will- Str+9
                  | Slay-4}
  6858 | D:5      | Slain by a gnoll sergeant

Vanquished Creatures
  Grinder (D:3)
  A hound (D:4)
  Jessica (D:2)
  2 iguanas
  Ijyb (D:4)
  4 orc wizards (D:4)
  6 adders
  An adder skeleton (D:4)
  3 worms
  A dart slug (D:3)
  2 orcs
  4 endoplasms
  4 giant cockroaches
  6 goblins
  6 hobgoblins
  4 jackals (D:2)
  2 quokkas
  3 ball pythons
  7 bats
  4 kobolds
  5 rats
68 creatures vanquished.

Vanquished Creatures (collateral kills)
  Edmund (D:5)
  A jelly (D:5)
  6 gnolls (D:5)
8 creatures vanquished.

Grand Total: 76 creatures vanquished

Table legend:
 A = Non-vault XP
 B = Vault XP
 C = Vault XP percentage of total XP
 D = Non-vault monster count
 E = Vault monster count
 F = Vault count percentage of total count
                 A         B        C        D         E       F
            +---------+---------+-------+---------+---------+-------
      Total |     571 |     525 |  47.9 |      72 |       4 |   5.3
            +---------+---------+-------+---------+---------+-------
        D:1 |      18 |       0 |   0.0 |      11 |       0 |   0.0
        D:2 |      44 |      37 |  45.7 |      15 |       1 |   6.2
        D:3 |      87 |     281 |  76.4 |      21 |       1 |   4.5
        D:4 |     279 |      36 |  11.4 |      17 |       1 |   5.6
        D:5 |     143 |     171 |  54.5 |       8 |       1 |  11.1
            +---------+---------+-------+---------+---------+-------

Illustrated notes

Table legend:
 A = Kills in this place as a percentage of kills in entire the game.
 B = Kills by you in this place as a percentage of kills by you in the entire game.
 C = Kills by friends in this place as a percentage of kills by friends in the entire game.
 D = Other kills in this place as a percentage of other kills in the entire game.
 E = Experience gained in this place as a percentage of experience gained in the entire game.
 F = Experience gained in this place divided by the number of levels of this place that you have seen.
                   A       B       C       D       E      F
               +-------+-------+-------+-------+-------+----------------------
         Total | 100.0 | 100.0 | 100.0 |   N/A | 100.0 | 219.2
       Dungeon | 100.0 | 100.0 | 100.0 |   N/A | 100.0 | 219.2
               +-------+-------+-------+-------+-------+----------------------

Table legend: (Time is in decaauts)
 A = Elapsed time spent in this place.
 B = Non-inter-level travel time spent in this place.
 C = Inter-level travel time spent in this place.
 D = Time resting spent in this place.
 E = Time spent auto-exploring this place.
 F = Levels seen in this place.
 G = Mean time per level.
                   A        B        C        D        E       F      G
               +--------+--------+--------+--------+--------+-----+--------+
         Total |   6858 |   6554 |    304 |   2606 |   2821 |   5 | 1371.6 |
       Dungeon |   6858 |   6554 |    304 |   2606 |   2821 |   5 | 1371.6 |
               +--------+--------+--------+--------+--------+-----+--------+

Top non-repeatable levels by time:
     D:3: 2027 daAuts
     D:4: 2000 daAuts
     D:2: 1180 daAuts
     D:1: 1078 daAuts
     D:5: 570 daAuts
